PA
YELLOWKNIFE DRAGONBLOOD @ WALLA WALLA WALLEYE
08/16/2030
 
TOP OF THE 1ST
Yellowknife Dragonblood batting - Pitching for Walla Walla Walleye : RHP Sjoerd Reynoud
Pitching: RHP Sjoerd Reynoud
Batting: RHB Gilberto Clemente 0-0: Foul Ball, location: 2F
0-1: Foul Ball, location: 2F
0-2: Ball
1-2: Strikes out looking
Batting: RHB Bill Boyd 0-0: Ball
1-0: Foul Ball, location: 2F
1-1: Called Strike
1-2: Foul Ball, location: 2F
1-2: SINGLE (Line Drive, 5D)
Batting: LHB Chris Fitzgerald 0-0: Foul Ball, location: 2F
0-1: Foul Ball, location: 2F
0-2: Strikes out swinging
Batting: RHB Víctor Cuevas 0-0: Ball
1-0: Ball
2-0: Foul Ball, location: 2F
2-1: Ball
3-1: Foul Ball, location: 2F
3-2: Foul Ball, location: 2F
3-2: Strikes out swinging
Top of the 1st over - 0 runs, 1 hit, 0 errors, 1 left on base; Yellowknife 0 - Walla Walla 0
BOTTOM OF THE 1ST
Walla Walla Walleye batting - Pitching for Yellowknife Dragonblood : RHP Evan Groenevelt
Pitching: RHP Evan Groenevelt
Batting: SHB Raúl Mateo 0-0: Foul Ball, location: 2F
0-1: Ball
1-1: Ball
2-1: SINGLE (Groundball, 5D)
Batting: RHB Jimmy Fick 0-0: Called Strike
Raúl Mateo steals 2nd base
0-1: Swinging Strike
0-2: Ball
1-2: Ground out U3 (Groundball, 34)
Raúl Mateo to third
Batting: LHB Vicente Gonzáles 0-0: Called Strike
0-1: Ball
Passed Ball!
Raúl Mateo scores
1-1: Foul Ball, location: 2F
1-2: Ball
2-2: Ball
3-2: Strikes out swinging
Batting: RHB José de la Cavallería 0-0: Ground out 6-3 (Groundball, 6)
Bottom of the 1st over - 1 run, 1 hit, 0 errors, 0 left on base; Yellowknife 0 - Walla Walla 1
TOP OF THE 2ND
Yellowknife Dragonblood batting - Pitching for Walla Walla Walleye : RHP Sjoerd Reynoud
Batting: RHB Gonzalo Vásquez 0-0: Ball
1-0: Foul Ball, location: 2F
1-1: Fly out, F8 (Flyball, 8LS)
Batting: SHB Sean Scheetz 0-0: Called Strike
0-1: Called Strike
0-2: Strikes out looking
Batting: RHB Manny García 0-0: Ball
1-0: Ball
2-0: Ball
3-0: Base on Balls
Batting: SHB Miklos Elias 0-0: Ball
Manny García steals 2nd base
1-0: Reached on error, E6 (Groundball, 6M)
Manny García to third
Batting: LHB Takahiro Suzuki 0-0: Called Strike
0-1: Fly out, F8 (Flyball, 8RM)
Top of the 2nd over - 0 runs, 0 hits, 1 error, 2 left on base; Yellowknife 0 - Walla Walla 1
BOTTOM OF THE 2ND
Walla Walla Walleye batting - Pitching for Yellowknife Dragonblood : RHP Evan Groenevelt
Batting: RHB Ángelo Delgado 0-0: SINGLE (Line Drive, 56)
Batting: LHB Mo Eayrs 0-0: Fly out, F4 (Line Drive, 4)
Batting: RHB Rubén Medina 0-0: Fly out, F7 (Flyball, 78M)
Batting: LHB Andrés Rodríguez 0-0: Foul Ball, location: 2F
0-1: Ball
1-1: Reached on error, E6 (Groundball, 6S)
Ángelo Delgado to third
Batting: LHB Kanko Umaba 0-0: DOUBLE (Groundball, 5L)
Ángelo Delgado scores
Andrés Rodríguez scores
Batting: SHB Raúl Mateo 0-0: Called Strike
0-1: Called Strike
0-2: Ball
1-2: Foul Ball, location: 2F
1-2: Strikes out swinging
Bottom of the 2nd over - 2 runs, 2 hits, 1 error, 1 left on base; Yellowknife 0 - Walla Walla 3
TOP OF THE 3RD
Yellowknife Dragonblood batting - Pitching for Walla Walla Walleye : RHP Sjoerd Reynoud
Batting: RHB Gilberto Clemente 0-0: Ball
1-0: Ball
2-0: Called Strike
2-1: Called Strike
2-2: Fly out, F2 (Popup, 25F)
Batting: RHB Bill Boyd 0-0: Swinging Strike
0-1: Ball
1-1: Called Strike
1-2: Ball
2-2: Fly out, F7 (Flyball, 7S)
Batting: LHB Chris Fitzgerald 0-0: Foul Ball, location: 2F
0-1: Ball
1-1: Foul Ball, location: 2F
1-2: Ball
2-2: Ball
3-2: Base on Balls
Batting: RHB Víctor Cuevas 0-0: Foul Ball, location: 2F
0-1: Ball
1-1: Ball
2-1: Called Strike
2-2: SINGLE (Groundball, 6MD)
Chris Fitzgerald to second
Batting: RHB Gonzalo Vásquez 0-0: Ball
1-0: Fly out, F8 (Flyball, 8LS)
Top of the 3rd over - 0 runs, 1 hit, 0 errors, 2 left on base; Yellowknife 0 - Walla Walla 3
BOTTOM OF THE 3RD
Walla Walla Walleye batting - Pitching for Yellowknife Dragonblood : RHP Evan Groenevelt
Batting: RHB Jimmy Fick 0-0: Ball
1-0: Ball
2-0: Ball
3-0: Called Strike
3-1: Base on Balls
Batting: LHB Vicente Gonzáles 0-0: Swinging Strike
0-1: Fly out, F9 (Line Drive, 89D)
Batting: RHB José de la Cavallería 0-0: Swinging Strike
0-1: Fly out, F5 (Line Drive, 56)
Batting: RHB Ángelo Delgado 0-0: Ball
Jimmy Fick is caught stealing 2nd base
Bottom of the 3rd over - 0 runs, 0 hits, 0 errors, 0 left on base; Yellowknife 0 - Walla Walla 3
TOP OF THE 4TH
Yellowknife Dragonblood batting - Pitching for Walla Walla Walleye : RHP Sjoerd Reynoud
Batting: SHB Sean Scheetz 0-0: Fly out, F7 (Flyball, 7S)
Batting: RHB Manny García 0-0: Ball
1-0: Ball
2-0: Ball
3-0: Called Strike
3-1: Foul Ball, location: 2F
3-2: Strikes out swinging
Batting: SHB Miklos Elias 0-0: Ball
1-0: Ground out U3 (Groundball, 3L)
Top of the 4th over - 0 runs, 0 hits, 0 errors, 0 left on base; Yellowknife 0 - Walla Walla 3
BOTTOM OF THE 4TH
Walla Walla Walleye batting - Pitching for Yellowknife Dragonblood : RHP Evan Groenevelt
Batting: RHB Ángelo Delgado 0-0: Ground out 5-3 (Groundball, 56S)
Batting: LHB Mo Eayrs 0-0: Ball
1-0: Ground out 6-3 (Groundball, 6)
Batting: RHB Rubén Medina 0-0: Foul Ball, location: 2F
0-1: Called Strike
0-2: Ball
1-2: Foul Ball, location: 2F
1-2: Strikes out swinging
Bottom of the 4th over - 0 runs, 0 hits, 0 errors, 0 left on base; Yellowknife 0 - Walla Walla 3
TOP OF THE 5TH
Yellowknife Dragonblood batting - Pitching for Walla Walla Walleye : RHP Sjoerd Reynoud
Batting: LHB Takahiro Suzuki 0-0: Ball
1-0: Swinging Strike
1-1: Fly out, F7 (Flyball, 7S)
Batting: RHB Gilberto Clemente 0-0: Called Strike
0-1: Foul Ball, location: 2F
0-2: Strikes out swinging
Batting: RHB Bill Boyd 0-0: Called Strike
0-1: Foul Ball, location: 2F
0-2: Strikes out swinging
Top of the 5th over - 0 runs, 0 hits, 0 errors, 0 left on base; Yellowknife 0 - Walla Walla 3
BOTTOM OF THE 5TH
Walla Walla Walleye batting - Pitching for Yellowknife Dragonblood : RHP Evan Groenevelt
Batting: LHB Andrés Rodríguez 0-0: Ball
1-0: Called Strike
1-1: Ball
2-1: Swinging Strike
2-2: Strikes out looking
Batting: LHB Kanko Umaba 0-0: Ball
1-0: Called Strike
1-1: Foul Ball, location: 2F
1-2: Ball
2-2: Fly out, F7 (Line Drive, 7D)
Batting: SHB Raúl Mateo 0-0: Ground out 4-3 (Groundball, 4M)
Bottom of the 5th over - 0 runs, 0 hits, 0 errors, 0 left on base; Yellowknife 0 - Walla Walla 3
TOP OF THE 6TH
Yellowknife Dragonblood batting - Pitching for Walla Walla Walleye : RHP Sjoerd Reynoud
Batting: LHB Chris Fitzgerald 0-0: Foul Ball, location: 2F
0-1: Foul Ball, location: 2F
0-2: Ball
1-2: Foul Ball, location: 2F
1-2: Ball
2-2: Strikes out swinging
Batting: RHB Víctor Cuevas 0-0: Called Strike
0-1: Ground out 5-3 (Groundball, 5S)
Batting: RHB Gonzalo Vásquez 0-0: SINGLE (Groundball, 34) (infield hit)
Batting: SHB Sean Scheetz 0-0: Ball
Gonzalo Vásquez is caught stealing 2nd base
Top of the 6th over - 0 runs, 1 hit, 0 errors, 0 left on base; Yellowknife 0 - Walla Walla 3
BOTTOM OF THE 6TH
Walla Walla Walleye batting - Pitching for Yellowknife Dragonblood : RHP Evan Groenevelt
Batting: RHB Jimmy Fick 0-0: Ball
1-0: Foul Ball, location: 2F
1-1: Foul Ball, location: 2F
1-2: Ball
2-2: Foul Ball, location: 2F
2-2: Ball
3-2: Foul Ball, location: 2F
3-2: Foul Ball, location: 2F
3-2: Fly out, F9 (Line Drive, 89D)
Batting: LHB Vicente Gonzáles 0-0: Ground out 4-3 (Groundball, 4)
Batting: RHB José de la Cavallería 0-0: Ball
1-0: Ground out 1-3 (Groundball, 13S)
Bottom of the 6th over - 0 runs, 0 hits, 0 errors, 0 left on base; Yellowknife 0 - Walla Walla 3
TOP OF THE 7TH
Yellowknife Dragonblood batting - Pitching for Walla Walla Walleye : RHP Sjoerd Reynoud
Batting: SHB Sean Scheetz 0-0: Ball
1-0: Foul Ball, location: 2F
1-1: Ground out 6-3 (Groundball, 6)
Batting: RHB Manny García 0-0: Called Strike
0-1: Foul Ball, location: 2F
0-2: Ball
1-2: Foul Ball, location: 2F
1-2: Ball
2-2: Ground out 6-3 (Groundball, 6)
Batting: SHB Miklos Elias 0-0: Swinging Strike
0-1: Ball
1-1: Foul Ball, location: 2F
1-2: Fly out, F1 (Line Drive, 13)
Top of the 7th over - 0 runs, 0 hits, 0 errors, 0 left on base; Yellowknife 0 - Walla Walla 3
BOTTOM OF THE 7TH
Walla Walla Walleye batting - Pitching for Yellowknife Dragonblood : RHP Evan Groenevelt
Batting: RHB Ángelo Delgado 0-0: Ground out 4-3 (Groundball, 4)
Batting: LHB Mo Eayrs 0-0: Ground out 4-3 (Groundball, 4)
Batting: RHB Rubén Medina 0-0: Ball
1-0: Foul Ball, location: 2F
1-1: Foul Ball, location: 2F
1-2: Ball
2-2: Ground out 1-3 (Groundball, 15S)
Bottom of the 7th over - 0 runs, 0 hits, 0 errors, 0 left on base; Yellowknife 0 - Walla Walla 3
TOP OF THE 8TH
Yellowknife Dragonblood batting - Pitching for Walla Walla Walleye : RHP Sjoerd Reynoud
Batting: LHB Takahiro Suzuki 0-0: Called Strike
0-1: SINGLE (Line Drive, 4MD)
Batting: RHB Gilberto Clemente 0-0: Ball
1-0: Ground out U3 (Groundball, 3L)
Takahiro Suzuki to second
Pitching: LHP Quan Shiu
Batting: RHB Bill Boyd 0-0: Ball
1-0: Called Strike
1-1: Foul Ball, location: 2F
1-2: Strikes out swinging
Batting: LHB Chris Fitzgerald 0-0: Swinging Strike
0-1: Foul Ball, location: 2F
0-2: Strikes out swinging
Top of the 8th over - 0 runs, 1 hit, 0 errors, 1 left on base; Yellowknife 0 - Walla Walla 3
BOTTOM OF THE 8TH
Walla Walla Walleye batting - Pitching for Yellowknife Dragonblood : RHP Evan Groenevelt
Batting: LHB Andrés Rodríguez 0-0: Fly out, F7 (Flyball, 7LS)
Batting: LHB Kanko Umaba 0-0: Ball
1-0: Called Strike
1-1: Ground out 6-3 (Groundball, 6)
Batting: SHB Raúl Mateo 0-0: Called Strike
0-1: Ball
1-1: Called Strike
1-2: Foul Ball, location: 2F
1-2: Ball
2-2: Foul Ball, location: 2F
2-2: Foul Ball, location: 2F
2-2: Foul Ball, location: 2F
2-2: Foul Ball, location: 2F
2-2: Ball
3-2: Fly out, F8 (Flyball, 89D)
Bottom of the 8th over - 0 runs, 0 hits, 0 errors, 0 left on base; Yellowknife 0 - Walla Walla 3
TOP OF THE 9TH
Yellowknife Dragonblood batting - Pitching for Walla Walla Walleye : LHP Quan Shiu
Batting: RHB Víctor Cuevas 0-0: Foul Ball, location: 2F
0-1: Ball
1-1: Called Strike
1-2: Strikes out looking
Batting: RHB Gonzalo Vásquez 0-0: Ball
1-0: Ball
2-0: Called Strike
2-1: Ground out 1-3 (Groundball, 13)
Batting: SHB Sean Scheetz 0-0: Called Strike
0-1: Fly out, F7 (Flyball, 78S)
Top of the 9th over - 0 runs, 0 hits, 0 errors, 0 left on base; Yellowknife 0 - Walla Walla 3
Sunday, March 18th, 2018 - OOTP Baseball 18.8 Build 76